AoeStats
← BottleDry

Arena

510246459Analyzed
4v4 RM · 2d ago on Sep 30, 2026· 52m 4s· 8 players
Game mode
Random Map
Map size
Large (8 player)
Population
200
Speed
Normal
Resources
Standard
Victory
Conquest
Starting age
Dark Age
Ending age
Imperial Age
RankedLock teamsTeams togetherTeam positionsShared explorationLock speedFull tech treeHidden civsTurbo modeCheats
Victory
Defeat
🇦🇷 Lithuanians · Argentina
949
+15
🇨🇳 Vikings · China
925
+16
🇦🇷 Georgians · Argentina
872
+17
🇵🇪 Britons · Peru
868
+17
🇮🇹 Teutons · Italy
936
-39
🇨🇦 Turks · Canada
924
-17
🇲🇽 Teutons · Mexico
900
-16
🇺🇸 Saxons · United States
889
-15
manick0508
12:18 Feudal Age
13:02 Horse Collar
20:32 Castle Age
20:50 Man-at-Arms
BottleDry
11:38 Feudal Age
13:26 Double-Bit Axe
16:07 Castle Age
14:31 Stone Mining
14:34 Gold Mining
14:36 Stone Mining
14:46 Stone Mining
15:26 Horse Collar
16:50 Heavy Plow
17:41 Bow Saw
18:00 Loom
21:37 Fletching
24:24 Wheelbarrow
27:38 Scale Mail Armor
27:49 Forging
27:35 Bodkin Arrow
29:03 Town Watch
30:16 Hand Cart
31:58 Chain Mail Armor
32:18 Iron Casting
31:19 Pikeman
32:00 Squires
31:46 Gambesons
31:47 Arson
35:30 Imperial Age
34:02 Fortified Wall
33:48 Murder Holes
34:14 Ballistics
34:15 Masonry
36:16 Halberdier
37:28 Plate Mail Armor
40:06 Bracer
40:07 Padded Archer Armor
39:44 Clerical Recruitment
40:51 Conscription
39:54 Shield Wall
richardcastores
7:44 Loom
11:23 Feudal Age
12:47 Wheelbarrow
11:57 Town Watch
12:01 Double-Bit Axe
12:00 Horse Collar
12:13 Gold Mining
18:16 Castle Age
16:16 Stone Mining
18:27 Fletching
20:57 Hand Cart
22:34 Bow Saw
22:30 Heavy Plow
24:28 Stone Shaft Mining
24:11 Forging
24:03 Scale Mail Armor
31:36 Imperial Age
29:46 Town Patrol
30:42 Ironclad
30:41 Chain Mail Armor
31:02 Iron Casting
30:40 Pikeman
31:06 Gambesons
31:07 Arson
32:52 Iron Casting
33:33 Crop Rotation
34:05 Two-Man Saw
34:31 Plate Mail Armor
35:46 Hoardings
37:16 Blast Furnace
36:51 Elite Teutonic Knight
39:39 Chemistry
39:00 Ballistics
38:53 Fortified Wall
39:15 Halberdier
39:55 Squires
40:24 Scale Barding Armor
40:15 Bodkin Arrow
40:20 Padded Archer Armor
40:33 Cavalier
iachen
12:04 Feudal Age
15:05 Double-Bit Axe
17:23 Castle Age
16:21 Horse Collar
16:54 Stone Mining
17:26 Gold Mining
27:49 Wheelbarrow
28:24 Gold Shaft Mining
28:31 Heavy Plow
28:46 Bow Saw
33:23 Imperial Age
34:23 Hand Cart
34:38 Conscription
34:20 Artillery
35:33 Padded Archer Armor
44:37 Elite Janissary
Lea
2:53 Loom
9:44 Feudal Age
10:21 Double-Bit Axe
17:23 Castle Age
26:05 Wheelbarrow
26:09 Bloodlines
26:00 Husbandry
26:55 Horse Collar
28:06 Forging
28:01 Scale Barding Armor
30:36 Scale Barding Armor
31:38 Iron Casting
35:26 Imperial Age
35:55 Hand Cart
36:07 Bow Saw
35:47 Gold Mining
35:47 Stone Mining
36:58 Cavalier
38:41 Blast Furnace
39:33 Chain Barding Armor
39:36 Ballistics
40:17 Chemistry
41:31 Plate Barding Armor
44:59 Fletching
45:09 Padded Archer Armor
46:19 Elite Skirmisher
47:14 Bodkin Arrow
47:34 Leather Archer Armor
48:25 Bracer
K.27
5:12 Loom
9:09 Feudal Age
17:37 Castle Age
17:01 Horse Collar
17:11 Double-Bit Axe
18:19 Scale Barding Armor
19:24 Bow Saw
21:47 Light Cavalry
22:37 Bloodlines
22:50 Chain Barding Armor
25:30 Husbandry
29:51 Heavy Plow
33:36 Imperial Age
31:46 Wheelbarrow
38:26 Crossbowman
39:12 Thumb Ring
45:17 Fletching
45:30 Padded Archer Armor
46:09 Plate Barding Armor
45:04 Elite Skirmisher
46:12 Elite Leitis
49:14 Hand Cart
Jose_El_Mc
4:38 Loom
10:39 Feudal Age
11:05 Double-Bit Axe
11:20 Horse Collar
13:39 Gold Mining
15:02 Stone Mining
19:48 Castle Age
21:03 Bow Saw
20:57 Heavy Plow
21:34 Gold Shaft Mining
33:14 Imperial Age
33:19 Elite Longbowman
33:23 Capped Ram
34:12 Fletching
34:23 Padded Archer Armor
34:34 Forging
36:52 Chemistry
36:06 Bodkin Arrow
36:27 Leather Archer Armor
39:13 Bracer
39:49 Iron Casting
39:44 Ring Archer Armor
44:30 Blast Furnace
873108255
2:09 Loom
2:50 Loom
11:17 Feudal Age
11:58 Double-Bit Axe
12:24 Horse Collar
18:01 Castle Age
17:32 Scale Mail Armor
18:03 Gold Mining
18:36 Stone Mining
19:17 Town Watch
24:50 Forging
27:14 Chain Mail Armor
29:10 Iron Casting
30:01 Fletching
30:57 Squires
31:52 Bow Saw
34:34 Imperial Age
33:38 Heavy Plow
34:11 Caravan
34:56 Bodkin Arrow
36:32 Blast Furnace
36:32 Elite Berserk
38:18 Plate Mail Armor
38:33 Conscription
39:15 Heavy Scorpion
40:11 Arson
41:06 Bracer
42:51 Chemistry
46:29 Ballistics
46:13 Padded Archer Armor
47:17 Murder Holes
48:51 Fortified Wall
50:10 Masonry
51:24 Architecture
Connection lost

Rejoining the realm…

Still unreachable

The connection could not be restored.

Session expired

The server has moved on; the page needs a fresh start.